 Dungeon Crawl Stone Soup version 0.28.0-43-g3370ac3207 (webtiles) character file.

Game seed: 13163602638007002038

33 terff the Skirmisher (level 3, -2/29 HPs)
             Began as a Human Fighter on Mar 30, 2022.
             Slain by a hobgoblin (4 damage)
             ... on level 2 of the Dungeon.
             The game lasted 00:02:27 (931 turns).

terff the Skirmisher (Human Fighter)                 Turns: 931, Time: 00:02:27

Health: -2/29      AC:  6    Str: 16    XL:     3   Next: 47%
Magic:  3/3        EV:  8    Int:  8    God:
Gold:   30         SH:  5    Dex: 14    Spells: 2/2 levels left

rFire   . . .      SeeInvis .   a - +0 flail (vamp)
rCold   . . .      Faith    .   c - +0 buckler
rNeg    . . .      Spirit   .   b - +0 scale mail
rPois   .          Reflect  .   (no helmet)
rElec   .          Harm     .   (no cloak)
rCorr   .          Rampage  .   (no gloves)
Will    .....                   (no boots)
Stlth   ..........              g - amulet of the acrobat
HPRegen 0.09/turn               (no ring)
MPRegen 0.08/turn               (no ring)

@: no status effects
A: no striking features
a: no special abilities


You were on level 2 of the Dungeon.
You visited 1 branch of the dungeon, and saw 2 of its levels.

You collected 30 gold pieces.

Inventory:

Hand Weapons
 a - a +0 vampiric flail (weapon)
Armour
 b - a +0 scale mail (worn)
 c - a +0 buckler (worn)
Jewellery
 g - an amulet of the acrobat (around neck)
Scrolls
 e - a scroll of blinking
 f - a scroll of teleportation
 k - a scroll of summoning
Potions
 d - a potion of might
 l - a potion of mutation
 m - a potion of brilliance {unknown}
 n - 2 potions of curing {unknown}


   Skills:
 + Level 3.4 Fighting
 + Level 2.3 Maces & Flails
 + Level 3.4 Armour
 + Level 0.1 Dodging
 + Level 3.2 Shields


You had 2 spell levels left.
You didn't know any spells.
Your spell library was empty.

Dungeon Overview and Level Annotations

Branches:
Dungeon (2/15)

Altars:

Shops:
D:1 *


Message History

The hobgoblin barely misses you. The water moccasin skeleton bites you.
You closely miss the hobgoblin. The water moccasin skeleton bites you.
The water moccasin skeleton completely misses you.
The hobgoblin misses you. You block the hobgoblin's attack.
You hit the water moccasin skeleton.
The water moccasin skeleton is lightly damaged.
You block the water moccasin skeleton's attack.
You block the hobgoblin's attack. The hobgoblin closely misses you.
The water moccasin skeleton bites you but does no damage.
You sock the water moccasin skeleton!
The water moccasin skeleton is heavily damaged.
The hobgoblin hits you. You block the hobgoblin's attack.
The water moccasin skeleton barely misses you.
You thump the water moccasin skeleton!
The water moccasin skeleton is severely damaged.
The water moccasin skeleton bites you but does no damage.
The hobgoblin barely misses you.
The hobgoblin hits you but does no damage.
The water moccasin skeleton bites you but does no damage.
You block the hobgoblin's attack. The hobgoblin barely misses you.
You hit the water moccasin skeleton.
The water moccasin skeleton is severely damaged.
The water moccasin skeleton closely misses you.
The hobgoblin hits you.
The hobgoblin hits you but does no damage.
The water moccasin skeleton bites you.
You hit the water moccasin skeleton but do no damage.
The water moccasin skeleton is severely damaged.
The hobgoblin barely misses you.
The hobgoblin hits you but does no damage.
The water moccasin skeleton bites you.
You completely miss the water moccasin skeleton.
The water moccasin skeleton is severely damaged.
The water moccasin skeleton bites you.
* * * LOW HITPOINT WARNING * * *
The hobgoblin hits you but does no damage. x2
The water moccasin skeleton bites you.
* * * LOW HITPOINT WARNING * * *
The hobgoblin hits you.
You die...

........ #........#
........ #........#
........ #........#
........ #........#
####..#. #........#
#.... #........#
####.... #gZ.......
.....>.. #.@g.....#
####.#.. #.#####.##
#.#.. #.# # #.#..
#.# #.# ##...# #.#
###.######..###
#.###...##......##ยง
#..#.......#.......
##...........##.##.
#........#........


You could see 2 hobgoblins and a water moccasin skeleton.

Vanquished Creatures
  An adder (D:2)
  2 dart slugs (D:2)
  3 endoplasms
  A giant cockroach (D:1)
  4 goblins
  A quokka (D:2)
  3 bats
  2 kobolds
  2 rats (D:1)
19 creatures vanquished.

Notes
Turn   | Place    | Note
-------+----------+-------------------------------------------
     0 | D:1      | terff the Human Fighter began the quest for the Orb.
     0 | D:1      | Reached XP level 1. HP: 18/18 MP: 1/1
   181 | D:1      | Reached XP level 2. HP: 24/24 MP: 2/2
   418 | D:1      | Found Asusa's Assorted Antiques.
   780 | D:2      | Reached XP level 3. HP: 27/29 MP: 3/3
   931 | D:2      | Slain by a hobgoblin

Illustrated notes

Levels and vault maps discovered:
D:1:      minmay_arrival_three_doors, layout_basic, serial_shops,
          nicolae_square_shop
D:2:      layout_rooms

Action                   || total
-------------------------++-------
Melee: Flail             ||    58
  Use: Scroll            ||     7
Armor: Scale mail        ||    34
Dodge: Dodged            ||    37
Block: Buckler           ||    16
